 Dungeon Crawl Stone Soup version 0.21.1-1-g345015f (webtiles) character file.

2011 sking99 the Basher (level 9, -5/105 HPs)
             Began as a Minotaur Berserker on June 25, 2018.
             Was a Priest of Trog.
             Slain by a large slime creature (18 damage)
             ... on level 5 of the Dungeon.
             The game lasted 00:12:28 (4562 turns).

sking99 the Basher (Minotaur Berserker)             Turns: 4562, Time: 00:12:28

Health: -5/105     AC:  0    Str: 27    XL:     9   Next: 2%
Magic:  8/8        EV:  9    Int:  4    God:    Trog [***...]
Gold:   276        SH:  0    Dex: 13    Spells: 8/8 levels left

rFire    . . .     SeeInvis .   y - +0 morningstar
rCold    . . .     Gourm    .   (no shield)
rNeg     . . .     Faith    .   o - +1 chain mail
rPois    .         Spirit   .   (helmet restricted)
rElec    .         Reflect  .   r - +0 cloak
rCorr    .         Harm     .   (no gloves)
MR       ++...                  d - +0 pair of boots
Stlth    ..........             (no amulet)
HPRegen  1.27/turn              (no ring)
MPRegen  0.11/turn              (no ring)

@: berserking, corroded, regenerating, very quick
A: retaliatory headbutt, horns 2
a: Berserk, Trog's Hand, Burn Spellbooks, Renounce Religion


You were on level 5 of the Dungeon.
You worshipped Trog.
Trog was most pleased with you.
You were not hungry.

You visited 1 branch of the dungeon, and saw 5 of its levels.

You collected 276 gold pieces.

Inventory:

Hand Weapons
 a - a +0 mace
 v - a +1 flail of draining
 y - a +0 morningstar (weapon)
Missiles
 h - 109 stones (quivered)
Armour
 b - a +0 animal skin
 d - a +0 pair of boots (worn)
 i - a +0 large shield
 o - a +1 chain mail (worn)
 r - a +0 cloak (worn)
Jewellery
 p - an uncursed ring of resist corrosion {unknown}
Wands
 z - a wand of polymorph (17)
Scrolls
 e - 2 scrolls of fear
 f - 6 scrolls of remove curse
 g - 3 scrolls of teleportation
 l - 2 scrolls of identify
 m - 3 scrolls of amnesia
 s - 2 scrolls of blinking
 t - a scroll of enchant armour
Potions
 j - 2 potions of agility
 k - 2 potions of might
 n - a potion of heal wounds {unknown}
 q - 3 potions of curing
 u - a potion of ambrosia {unknown}
 w - 2 potions of lignification {unknown}
Comestibles
 c - 8 rations


   Skills:
 - Level 3.6 Fighting
 + Level 13.9 Maces & Flails
 - Level 2.4 Armour
 - Level 2.1 Dodging


You had 8 spell levels left.
You didn't know any spells.

Dungeon Overview and Level Annotations

Branches:
Dungeon (5/15)
 Temple: D:4-7

Altars:
Gozag
Makhleb

Shops:
D:2 *


Innate Abilities, Weirdness & Mutations

You reflexively headbutt those who attack you in melee.
You have a pair of horns on your head.


Message History

The slime creature hits you!
* * * LOW HITPOINT WARNING * * *
Something hits the fungus.
You're too hungry.
Unknown command.
You hit the slime creature but do no damage.
The slime creature is lightly wounded.
A slime creature suddenly becomes a large slime creature.
You're too hungry.
You hit the large slime creature but do no damage.
The large slime creature is lightly wounded.
You eat one of the 9 rations.
That ration really hit the spot!
Something hits the fungus but does no damage.
The large slime creature hits you.
* * * LOW HITPOINT WARNING * * *
A red film seems to cover your vision as you go berserk!
You feel yourself moving faster!
You feel mighty!
You feel a lot more hungry.
Something hits the fungus.
The fungus is splashed with acid.
The acid corrodes the fungus!
The large slime creature hits you!!
You die... ## ########## .# (P...P.÷÷# .# ...J.P...# .# ...PJP÷..# .+ .PJP...P.# .##+## .J.÷.P.J.# ..... .....# .J÷÷JJJJJ#

#..... .....# #######J# #.....
#....# ##..)..@## #.....
#....#####.######## #.....
#.......###..'..(.# #.....
#.......######....# #..>.#
'........##.......# #....'
#........##..)....###+# +....#
#........##.......##...##+##....#
#........##.......##.............
###'########.....###.............


You could see a large slime creature, a jelly and 2 oozes.

Vanquished Creatures
  Pikel (D:4)
  Sigmund (D:2)
  The ghost of keltmir the Chopper, an amateur HOFi of Qazlal (D:3)
  Menkaure (D:4)
  4 slaves (D:4)
  A sky beast (D:5)
  An ogre (D:4)
  3 big kobolds (D:5)
  2 scorpions (D:4)
  2 jellies (D:5)
  6 orc priests
  A centaur skeleton (D:4)
  4 orc wizards
  An iguana (D:4)
  Terence (D:3)
  2 worker ants (D:4)
  A hound skeleton (D:4)
  A howler monkey skeleton (D:2)
  6 adders
  A shadow imp (D:4)
  An adder skeleton (D:4)
  A worm (D:2)
  A dart slug (D:1)
  2 leopard geckos
  26 orcs
  4 giant cockroaches
  6 goblins
  5 hobgoblins
  6 jackals
  12 kobolds
  3 quokkas (D:4)
  4 ball pythons
  7 bats
  4 frilled lizards
  A quokka skeleton (D:3)
  8 rats
132 creatures vanquished.

Vanquished Creatures (others)
  A fungus (D:5)
  7 toadstools (D:5)
8 creatures vanquished.

Grand Total: 140 creatures vanquished

Notes
Turn   | Place    | Note
-------+----------+-------------------------------------------
     0 | D:1      | sking99 the Minotaur Berserker began the quest for the Orb.
     0 | D:1      | Reached XP level 1. HP: 19/19 MP: 0/0
     0 | D:1      | Noticed a vine stalker
     6 | D:1      | Noticed a minotaur skeleton
    11 | D:1      | Noticed a spriggan
    15 | D:1      | Noticed an elf
    15 | D:1      | Noticed a ghoul
    17 | D:1      | Noticed a felid
    19 | D:1      | Noticed a naga
    21 | D:1      | Noticed a felid
    32 | D:1      | Reached skill level 4 in Maces & Flails
   210 | D:1      | Reached XP level 2. HP: 26/26 MP: 1/1
   980 | D:2      | Found Gozag's Platinum Reserve.
  1003 | D:2      | Reached skill level 5 in Maces & Flails
  1003 | D:2      | Reached XP level 3. HP: 31/31 MP: 2/2
  1085 | D:2      | Found an opulent altar of Gozag.
  1171 | D:2      | Noticed Sigmund
  1183 | D:2      | Killed Sigmund
  1183 | D:2      | Reached skill level 7 in Maces & Flails
  1183 | D:2      | Reached XP level 4. HP: 37/39 MP: 3/3
  1183 | D:2      | Reached XP level 5. HP: 43/45 MP: 4/4
  1891 | D:3      | Noticed Terence
  1906 | D:3      | Killed Terence
  1906 | D:3      | Reached skill level 8 in Maces & Flails
  1908 | D:3      | Reached ** piety under Trog
  1911 | D:3      | Reached XP level 6. HP: 51/51 MP: 5/5
  1978 | D:3      | Noticed keltmir's ghost (amateur HOFi)
  1998 | D:3      | Killed keltmir's ghost
  1998 | D:3      | Reached skill level 9 in Maces & Flails
  2149 | D:3      | Reached XP level 7. HP: 49/57 MP: 6/6
  2612 | D:3      | Reached skill level 10 in Maces & Flails
  2705 | D:4      | Reached *** piety under Trog
  2973 | D:4      | Noticed Pikel
  2990 | D:4      | Killed Pikel
  2990 | D:4      | Reached skill level 12 in Maces & Flails
  2990 | D:4      | Reached XP level 8. HP: 59/64 MP: 7/7
  3623 | D:4      | Found a burning altar of Makhleb.
  3868 | D:4      | Noticed Menkaure
  3874 | D:4      | Killed Menkaure
  3874 | D:4      | Reached skill level 13 in Maces & Flails
  4097 | D:5      | Entered Level 5 of the Dungeon
  4541 | D:5      | Noticed a slime creature
  4542 | D:5      | Noticed a slime creature
  4545 | D:5      | Reached XP level 9. HP: 46/70 MP: 8/8
  4562 | D:5      | Slain by a large slime creature

Skill      XL: |  1  2  3  4  5  6  7  8 |
---------------+-------------------------+-----
Maces & Flails | 4 5 7 8 9 12 13 | 13.9
Fighting       | |  3.6
Armour         | |  2.4
Dodging        | |  2.1

Action                   |  1- 3 |  4- 6 |  7- 9 || total
-------------------------+-------+-------+-------++-------
Melee: Mace              |    46 |    38 |       ||    84
       Headbutt          |     6 |    13 |    33 ||    52
       Flail             |       |    38 |    36 ||    74
       Morningstar       |       |       |   145 ||   145
Throw: Stone             |       |       |     3 ||     3
Invok: Berserk           |     2 |     2 |     5 ||     9
       Trog's Hand       |       |       |     2 ||     2
  Use: Scroll            |       |       |    10 ||    10
       Potion            |       |       |     1 ||     1
 Stab: Sleeping          |     2 |       |       ||     2
  Eat: Chunk             |     1 |     7 |    10 ||    18
       Ration            |       |       |     1 ||     1
Armor: Animal skin       |     7 |     2 |       ||     9
       Chain mail        |       |    30 |    80 ||   110
Dodge: Dodged            |    34 |    30 |    67 ||   131
